 Dungeon Sprint DCSS version 0.29.1-2-gbd0b4ee654 (webtiles) character file.

Game seed: 5208042524084171482

7300000 Ashen the Archmage (level 27, -2/228 HPs)
             Began as a Djinni Warper on Oct 25, 2022.
             Was the Champion of Makhleb.
             Killed by divine providence
             ... invoked by an accursed
              (13 damage)
             ... in the Dungeon (Sprint VIII: "Arena of Blood").
             The game lasted 00:07:11 (73 turns).

Ashen the Archmage (Djinni Warper)                    Turns: 73, Time: 00:07:12

Health: -2/228     AC:  6    Str: 10    XL:     27
Gold:   0          EV: 25    Int: 28    God:    Makhleb [******] SH:  0 Dex: 14

rFire   + + .      SeeInvis .   i - +∞ Axe of Woe
rCold   x . .      Faith    .   (shield currently unavailable)
rNeg    . . .      Spirit   .   b - +0 leather armour
rPois   ∞          Reflect  .   (no helmet)
rElec   .          Harm     .   (no cloak)
rCorr   .          Rampage  .   (no gloves)
Will    ++...      NoTele   +   (boots unavailable)
Stlth   +++++++++.              (no amulet)
HPRegen 0.48/turn               (no ring)
MPRegen 0.00/turn               (no ring)

@: death channelling, flying
A: sickness immunity, fire resistance 2, cold vulnerability 1, float, innate
caster, HP casting, extra vitality 1
a: Renounce Religion, Minor Destruction, Lesser Servant of Makhleb, Major
Destruction, Greater Servant of Makhleb


You were in the Dungeon.
You worshipped Makhleb.
Makhleb was exalted by your worship.
You visited 1 branch

Inventory:

Hand Weapons
 a - a +0 hand axe
 i - the +∞ Axe of Woe (weapon)
   (You found it in the Dungeon)
Missiles
 d - 6 boomerangs of dispersal (quivered)
Armour
 b - a +0 leather armour (worn)
Scrolls
 c - 2 scrolls of blinking
Potions
 e - a potion of curing
 f - a potion of heal wounds
 g - a potion of haste
 h - a potion of berserk rage


   Skills:
 O Level 27 Fighting
 O Level 27 Short Blades
 O Level 27 Long Blades
 O Level 27 Axes
 O Level 27 Maces & Flails
 O Level 27 Polearms
 O Level 27 Staves
 O Level 27 Ranged Weapons
 O Level 27 Throwing
 O Level 27 Armour
 O Level 27 Dodging
 O Level 27 Stealth
 O Level 27 Shields
 O Level 27 Unarmed Combat
 O Level 27 Spellcasting
 O Level 27 Invocations
 O Level 27 Evocations


You couldn't memorise any spells.
You knew the following spells:

 Your Spells              Type           Power      Damage    Failure   Level
a - Blink                 Tloc           100%       N/A       0%          2
b - Lesser Beckoning      Tloc           100%       N/A       0%          3
c - Gell's Gravitas       Tloc           100%       N/A       0%          3
d - Teleport Other        Tloc           100%       N/A       0%          3
e - Manifold Assault      Tloc           100%       N/A       0%          5
f - Magic Dart            Conj           100%       1d8       0%          1
g - Static Discharge      Conj/Air       100%       3-16/arc  0%          2
h - Inner Flame           Hex/Fire       100%       N/A       0%          3
i - Flame Wave            Conj/Fire      100%       2d21      0%          4
j - Blade Hands           Tmut           56%        N/A       0%          5
k - Metabolic Englaciati  Hex/Ice        56%        N/A       0%          5
l - Statue Form           Tmut/Erth      74%        N/A       0%          6
m - Monstrous Menagerie   Summ           56%        N/A       0%          7
n - Death Channel         Necr           56%        N/A       0%          6
o - Ozocubu's Refrigerat  Ice            56%        4d19      0%          7
p - Summon Horrible Thin  Summ           56%        N/A       1%          8
q - Lehudib's Crystal Sp  Conj/Erth      56%        10d13     1%          8
r - Polar Vortex          Ice            56%        N/A       1%          9
Your spell library was empty.

Dungeon Overview and Level Annotations

Branches:
Dungeon (1/1)

Altars:
Makhleb


Innate Abilities, Weirdness & Mutations

You are immune to sickness and miasma.
You are immune to poison.
Your flesh is very heat resistant. (rF++)
You are vulnerable to cold. (rC-)
You float through the air rather than walking.
You learn spells naturally, not from books.
Your magical power is your life essence.
You have superior vitality. (+4 MHP)


Message History

Makhleb accepts your kill.
The large bag of meat explodes!
The fiery explosion engulfs your spectral meat berserker!
The fiery explosion engulfs your spectral bag of meat!!!
The fiery explosion engulfs you! You resist.
* * * LOW HITPOINT WARNING * * *
The fiery explosion engulfs the meat berserker!!
The fiery explosion engulfs your spectral large bag of meat!!
You are engulfed in blazing flames.
You resist.
* * * LOW HITPOINT WARNING * * *
Something bites your spectral meat berserker!
Something tramples your spectral meat berserker!
Your spectral meat berserker holds its ground!
The meat beast bites your spectral large bag of meat!!
The meat beast tramples your spectral large bag of meat!
Your spectral large bag of meat holds its ground!
You hear a shout!
The tyrant mumbles some strange words.
The tyrant seems to speed up.
Your spectral bag of meat hits the large abomination but does no damage.
Your spectral bag of meat completely misses the tentacled monstrosity.
The meat berserker is engulfed in blazing flames.
The tentacled monstrosity tentacle-slaps your spectral meat berserker!!
The tentacled monstrosity tentacle-slaps your spectral meat berserker!
The tentacled monstrosity completely misses your spectral meat berserker.
Your spectral meat berserker barely misses the tentacled monstrosity.
The bag of meat hits your spectral bag of meat with a +9 war axe!!
The bag of meat hits your spectral meat berserker with a +9 war axe!!
The meat berserker hits your spectral meat berserker with a +9 battleaxe!!
The tyrant waves its bony arms in wide circles.
The air twists around and strikes you!!!
* * * LOW HITPOINT WARNING * * *
Your spectral bag of meat is engulfed in blazing flames.
Your spectral bag of meat barely misses the meat berserker.
The bag of meat hits your spectral meat berserker with a +9 war axe!!
Your spectral large bag of meat hits the large abomination but does no damage.
Your spectral large bag of meat hits the large abomination!
The accursed casts a spell at you. Something smites you!
You die... ...X.oz ....W. .. #)ooo.o #..).)..# )oM#ooo

#XXXZ...#
#oMo.oo###LX.. ..###.
XooZoo)OZXX.###......
Xo..#oOo§Moo._.....
Lo#ooO§OZ2#o)...# .
oX2oXOZ@Z.#_.<._# ...
§o#ooO2ZZ.#.))))#.....
)oZZ#2oLXXL.)_))......
.Z.ZzXXXMZXX###)...o..
.)XXX.Z###OXLX...###..


.))XLXZ #X)O.X..# .).)XM. #).XXX).# #).§XXM ..X)X)°.). #)#.. ...).V))... You
could see 6 accurseds, 9 tentacled monstrosities, 4 meat beasts, 6 tyrants, 2
sculptors of flesh, a large bag of meat (inner flame), 26 large abominations, a
dread, 7 meat berserkers, 31 bags of meat, 9 friendly spectral bags of meat, 4
friendly spectral meat berserkers and 2 friendly spectral large bags of meat.

Vanquished Creatures
  A royal mummy (D)
  A wraith (D)
  Harold (D)
  20 vampire knights (D)
  30 ogres (D)
  8 two-headed ogres (D)
  A lich (D)
  A hydra (D)
  70 orcs (D)
  7 skeletal warriors (D)
140 creatures vanquished.

Notes
Turn   | Place    | Note
-------+----------+-------------------------------------------
     0 | D        | Found the +∞ Axe of Woe
     0 | D        | Ashen the Djinni Warper began the quest for the Orb.
     0 | D        | Ashen set off with the following spells memorised: Blink,
                  | Lesser Beckoning, Gell's Gravitas, Teleport Other, Manifold
                  | Assault.
     0 | D        | Reached XP level 1. HP: 18/18 MP: 0/0
     1 | D        | Noticed a bag of meat
     2 | D        | Noticed a meat berserker
     3 | D        | Killed a meat berserker
     3 | D        | Noticed a meat berserker
     3 | D        | Noticed a bag of meat
     3 | D        | Noticed a bag of meat
     4 | D        | Reached skill level 10 in Fighting
     4 | D        | Reached XP level 2. HP: 36/36 MP: 0/0
     4 | D        | Reached XP level 3. HP: 41/41 MP: 0/0
     4 | D        | Learned a level 1 spell: Magic Dart
     4 | D        | Reached XP level 4. HP: 47/47 MP: 0/0
     4 | D        | Reached XP level 5. HP: 52/52 MP: 0/0
     4 | D        | Learned a level 2 spell: Static Discharge
     4 | D        | Reached XP level 6. HP: 58/58 MP: 0/0
     4 | D        | Reached XP level 7. HP: 64/64 MP: 0/0
     4 | D        | Learned a level 3 spell: Inner Flame
     4 | D        | Reached XP level 8. HP: 69/69 MP: 0/0
     4 | D        | Reached XP level 9. HP: 75/75 MP: 0/0
     4 | D        | Learned a level 4 spell: Flame Wave
     4 | D        | Reached XP level 10. HP: 81/81 MP: 0/0
     4 | D        | Reached XP level 11. HP: 86/86 MP: 0/0
     4 | D        | Learned a level 5 spell: Blade Hands
     4 | D        | Reached XP level 12. HP: 92/92 MP: 0/0
     5 | D        | Noticed a bag of meat
     5 | D        | Killed a meat berserker
     6 | D        | Reached XP level 13. HP: 101/101 MP: 0/0
     6 | D        | Learned a level 5 spell: Metabolic Englaciation
     6 | D        | Became a worshipper of Makhleb the Destroyer
     7 | D        | Killed a bag of meat
     7 | D        | Killed a bag of meat
     7 | D        | Reached * piety under Makhleb
     7 | D        | Noticed a meat berserker
     8 | D        | Reached skill level 5 in Throwing
     8 | D        | Reached XP level 14. HP: 110/110 MP: 0/0
     8 | D        | Noticed a bag of meat
     8 | D        | Noticed a bag of meat
     8 | D        | Noticed a bag of meat
     8 | D        | Noticed a meat berserker
     9 | D        | Killed a bag of meat
     9 | D        | Killed a bag of meat
     9 | D        | Noticed a meat berserker
     9 | D        | Noticed a bag of meat
    10 | D        | Reached skill level 15 in Dodging
    10 | D        | Reached XP level 15. HP: 98/117 MP: 0/0
    10 | D        | Learned a level 6 spell: Statue Form
    10 | D        | Reached ** piety under Makhleb
    10 | D        | Noticed a meat berserker
    11 | D        | Killed a meat berserker
    11 | D        | Killed a meat berserker
    12 | D        | Reached skill level 5 in Armour
    12 | D        | Reached XP level 16. HP: 109/128 MP: 0/0
    12 | D        | Reached *** piety under Makhleb
    13 | D        | Reached skill level 27 in Spellcasting
    14 | D        | Noticed a meat berserker
    15 | D        | Noticed a large bag of meat
    16 | D        | Noticed a large bag of meat
    16 | D        | Killed a meat berserker
    17 | D        | Reached XP level 17. HP: 119/138 MP: 0/0
    17 | D        | Learned a level 7 spell: Monstrous Menagerie
    18 | D        | Killed a meat berserker
    18 | D        | Reached **** piety under Makhleb
    18 | D        | Noticed a meat berserker
    19 | D        | Noticed a large bag of meat
    19 | D        | Killed a meat berserker
    20 | D        | Reached XP level 18. HP: 155/155 MP: 0/0
    20 | D        | Reached ***** piety under Makhleb
    20 | D        | Killed a large bag of meat
    20 | D        | Noticed a meat berserker
    21 | D        | Reached skill level 27 in Axes
    21 | D        | Reached skill level 10 in Throwing
    21 | D        | Reached skill level 10 in Armour
    21 | D        | Reached XP level 19. HP: 169/169 MP: 0/0
    21 | D        | Learned a level 6 spell: Death Channel
    21 | D        | Noticed a large bag of meat
    23 | D        | Reached skill level 27 in Fighting
    23 | D        | Reached skill level 27 in Dodging
    23 | D        | Reached ****** piety under Makhleb
    23 | D        | Noticed a meat berserker
    23 | D        | Noticed a large bag of meat
    24 | D        | Reached skill level 15 in Throwing
    24 | D        | Noticed a destroyer
    24 | D        | Killed a meat berserker
    24 | D        | Killed a large bag of meat
    24 | D        | Killed a large bag of meat
    25 | D        | Reached XP level 20. HP: 181/181 MP: 0/0
    25 | D        | Killed a meat berserker
    26 | D        | Reached skill level 27 in Armour
    26 | D        | Reached XP level 21. HP: 187/187 MP: 0/0
    26 | D        | Learned a level 7 spell: Ozocubu's Refrigeration
    26 | D        | Killed a destroyer
    26 | D        | Noticed The Servant
    27 | D        | Reached skill level 27 in Throwing
    27 | D        | Killed The Servant
    27 | D        | Killed a meat berserker
    28 | D        | Reached skill level 10 in Short Blades
    28 | D        | Reached skill level 10 in Long Blades
    28 | D        | Reached skill level 10 in Staves
    28 | D        | Reached skill level 10 in Stealth
    28 | D        | Reached XP level 22. HP: 194/194 MP: 0/0
    28 | D        | Noticed a destroyer
    29 | D        | Killed a destroyer
    29 | D        | Killed a large bag of meat
    29 | D        | Killed a large bag of meat
    30 | D        | Reached XP level 23. HP: 201/201 MP: 0/0
    30 | D        | Learned a level 8 spell: Summon Horrible Things
    33 | D        | Reached skill level 15 in Shields
    33 | D        | Reached skill level 15 in Unarmed Combat
    33 | D        | Reached skill level 15 in Invocations
    33 | D        | Reached skill level 15 in Evocations
    35 | D        | Reached skill level 15 in Long Blades
    35 | D        | Reached skill level 15 in Staves
    35 | D        | Reached skill level 15 in Stealth
    35 | D        | Reached XP level 24. HP: 208/208 MP: 0/0
    35 | D        | Noticed a destroyer
    36 | D        | Noticed a destroyer
    36 | D        | Killed a destroyer
    36 | D        | Killed a destroyer
    37 | D        | Reached skill level 15 in Maces & Flails
    37 | D        | Reached skill level 15 in Polearms
    37 | D        | Reached skill level 15 in Ranged Weapons
    37 | D        | Noticed a destroyer
    38 | D        | Noticed a destroyer
    38 | D        | Killed a destroyer
    38 | D        | Killed a destroyer
    39 | D        | Reached XP level 25. HP: 214/214 MP: 0/0
    39 | D        | Learned a level 8 spell: Lehudib's Crystal Spear
    39 | D        | Noticed a large bag of meat
    39 | D        | Noticed a destroyer
    40 | D        | Killed a destroyer
    40 | D        | Killed a large bag of meat
    40 | D        | Noticed a destroyer
    41 | D        | Reached XP level 26. HP: 221/221 MP: 0/0
    41 | D        | Noticed a destroyer
    41 | D        | Killed a destroyer
    41 | D        | Killed a destroyer
    43 | D        | Reached XP level 27. HP: 228/228 MP: 0/0
    43 | D        | Learned a level 9 spell: Polar Vortex
    45 | D        | Noticed an accursed
    46 | D        | Noticed a destroyer
    46 | D        | Noticed a destroyer
    47 | D        | Reached skill level 27 in Shields
    47 | D        | Reached skill level 27 in Unarmed Combat
    47 | D        | Reached skill level 27 in Invocations
    47 | D        | Reached skill level 27 in Evocations
    47 | D        | Noticed a destroyer
    48 | D        | Reached skill level 27 in Short Blades
    48 | D        | Noticed a destroyer
    48 | D        | Noticed a destroyer
    48 | D        | Noticed an accursed
    48 | D        | Noticed a tyrant
    49 | D        | Killed a destroyer
    50 | D        | Reached skill level 27 in Long Blades
    50 | D        | Reached skill level 27 in Staves
    50 | D        | Reached skill level 27 in Stealth
    50 | D        | Killed a destroyer
    50 | D        | Noticed an accursed
    50 | D        | Noticed a destroyer
    51 | D        | Reached skill level 27 in Maces & Flails
    51 | D        | Reached skill level 27 in Polearms
    51 | D        | Reached skill level 27 in Ranged Weapons
    51 | D        | Killed a destroyer
    51 | D        | Noticed an accursed
    52 | D        | Noticed a destroyer
    52 | D        | Noticed a destroyer
    53 | D        | Noticed a destroyer
    53 | D        | Killed an accursed
    53 | D        | Killed a destroyer
    54 | D        | Killed a destroyer
    54 | D        | Noticed a large bag of meat
    55 | D        | Noticed a tyrant
    56 | D        | Killed a destroyer
    57 | D        | Killed a destroyer
    57 | D        | Noticed an accursed
    57 | D        | Noticed a large bag of meat
    59 | D        | Noticed a dread
    59 | D        | Killed a destroyer
    59 | D        | Noticed a tyrant
    61 | D        | Killed a destroyer
    61 | D        | Noticed a tyrant
    62 | D        | Noticed a destroyer
    62 | D        | Noticed a meat beast
    63 | D        | Killed a destroyer
    65 | D        | Noticed a large bag of meat
    65 | D        | Killed a dread
    65 | D        | Noticed a destroyer
    66 | D        | Noticed a meat beast
    67 | D        | Killed a tyrant
    67 | D        | Noticed a meat beast
    67 | D        | Noticed an accursed
    67 | D        | Noticed a tyrant
    68 | D        | Noticed a tyrant
    69 | D        | Killed a large bag of meat
    69 | D        | Noticed a tyrant
    69 | D        | Noticed an accursed
    70 | D        | Noticed a meat beast
    70 | D        | Killed a destroyer
    72 | D        | Noticed a meat beast
    72 | D        | Noticed a dread
    73 | D        | Killed a large bag of meat
    73 | D        | HP: 11/228 [tyrant/the air (39)]
    73 | D        | Killed from afar by an accursed

Illustrated notes

Levels and vault maps discovered:
D:        meatsprint

Skill      XL: |  1  2  3  4  5  6  7  8  9 10 11 12 13 14 15 16 17 18 19 20 21 22 23 24 25 26 27 |
---------------+----------------------------------------------------------------------------------+-----
Fighting       | 10 12 13 14 16 17 21 25 27 | 27.0
Axes           | 9 11 12 14 17 19 24 27 | 27.0
Throwing       | 3 4 5 6 7 9 10 22 25 27 | 27.0
Armour         | 3 4 5 7 9 10 24 27 | 27.0
Dodging        | 11 13 14 15 17 18 22 24 27 | 27.0
Spellcasting   | 18 20 22 24 26 27 | 27.0
Short Blades   | 10 13 16 19 21 23 27 | 27.0
Long Blades    | 10 13 15 18 20 22 27 | 27.0
Maces & Flails | 9 12 14 17 19 21 27 | 27.0
Polearms       | 9 12 14 17 19 21 27 | 27.0
Staves         | 10 13 15 18 20 22 27 | 27.0
Ranged Weapons | 9 12 14 17 19 21 27 | 27.0
Stealth        | 10 13 15 18 20 22 27 | 27.0
Shields        | 11 14 16 20 22 24 27 | 27.0
Unarmed Combat | 11 14 16 20 22 24 27 | 27.0
Invocations    | 11 14 16 20 22 24 27 | 27.0
Evocations     | 11 14 16 20 22 24 27 | 27.0

Action                   |  1- 3 |  4- 6 |  7- 9 | 10-12 | 13-15 | 16-18 | 19-21 | 22-24 | 25-27 || total
-------------------------+-------+-------+-------+-------+-------+-------+-------+-------+-------++-------
Melee: Executioner's axe |     1 |       |       |     1 |     4 |     9 |    16 |    17 |    77 ||   125
Throw: Boomerang         |       |       |       |     1 |       |       |       |       |       ||     1
 Cast: Manifold Assault  |       |       |       |       |       |     1 |     3 |     7 |    16 ||    27
       Death Channel     |       |       |       |       |       |       |       |     1 |       ||     1
Dodge: Dodged            |       |       |       |       |       |       |       |       |     1 ||     1
